 Dungeon Crawl Stone Soup version 0.27-a0-1219-g958d993ae5 (webtiles) character file.

Game seed: 16329822770445612328

7 Gwenloh the Vexing (level 1, 0/10 HPs)
             Began as a Deep Elf Enchanter on June 6, 2021.
             Slain by a goblin
             ... wielding a +0 dagger
              (3 damage)
             ... on level 1 of the Dungeon.
             The game lasted 00:01:39 (254 turns).

Gwenloh the Vexing (Deep Elf Enchanter)              Turns: 254, Time: 00:01:39

Health: 0/10       AC:  2    Str:  5    XL:     1   Next: 91%
Magic:  6/6        EV: 12    Int: 19    God:
Gold:   9          SH:  0    Dex: 15    Spells: 5/6 levels left

rFire    . . .     SeeInvis .   a - +1 dagger
rCold    . . .     Faith    .   (no shield)
rNeg     . . .     Spirit   .   b - +0 robe
rPois    .         Reflect  .   (no helmet)
rElec    .         Harm     .   (no cloak)
rCorr    .         Rampage  .   (no gloves)
Will     .....                  (no boots)
Stlth    +++.......             (no amulet)
HPRegen  0.03/turn              (no ring)
MPRegen  0.10/turn              (no ring)

@: no status effects
A: no striking features
a: no special abilities


You were on level 1 of the Dungeon.
You visited 1 branch of the dungeon, and saw 1 of its levels.

You collected 9 gold pieces.

Inventory:

Hand Weapons
 a - a +1 dagger (weapon)
Missiles
 c - 36 arrows
 f - 21 stones (quivered)
Armour
 b - a +0 robe (worn)
Jewellery
 e - a ring of poison resistance
Potions
 d - a potion of might {unknown}


   Skills:
 + Level 1.2 Short Blades
 - Level 2.4 Dodging
 * Level 4.0 Stealth
 - Level 3.0 Spellcasting
 * Level 4.3 Hexes


You had 5 spell levels left.
You knew the following spells:

 Your Spells              Type           Power      Damage    Failure   Level
a - Corona                Hex            21%        N/A       2%          1

Your spell library contained the following spells:

 Spells                   Type           Power      Damage    Failure   Level
 Confusing Touch          Hex            19%        N/A       8%          3
 Tukima's Dance           Hex            19%        N/A       8%          3
 Ensorcelled Hibernation  Hex/Ice        22%        N/A       10%         2
 Dazzling Flash           Conj/Hex       22%        N/A       19%         3


Dungeon Overview and Level Annotations

Branches:
Dungeon (1/15)

Altars:


Message History

Confirm with . or Enter, or press ? or * to list all spells.
Aiming: Corona (safe; 2% risk of failure)
Press: ? - help, Shift-Dir - straight line, f/p - hobgoblin
Aim: a hobgoblin (chance to affect: 73%)
The hobgoblin is outlined in light.
You hit the hobgoblin but do no damage. The hobgoblin hits you.
You hit the hobgoblin.
The hobgoblin is severely wounded.
The hobgoblin closely misses you.
You barely miss the hobgoblin.
The hobgoblin is severely wounded.
The hobgoblin barely misses you.
You hit the hobgoblin.
The hobgoblin is almost dead.
The hobgoblin hits you.
You hit the hobgoblin but do no damage.
The hobgoblin is almost dead.
The hobgoblin barely misses you.
You hit the hobgoblin but do no damage.
The hobgoblin is almost dead.
The hobgoblin hits you.
You barely miss the hobgoblin.
The hobgoblin is almost dead.
The hobgoblin hits you.
You hit the hobgoblin but do no damage.
The hobgoblin is almost dead.
You barely miss the hobgoblin.
The hobgoblin is almost dead.
The hobgoblin hits you.
* * * LOW HITPOINT WARNING * * *
You hit the hobgoblin.
You kill the hobgoblin!
Your Stealth skill increases to level 4!
A bat comes into view.
Found 26 bolts.
The helpless bat fails to defend itself.
You puncture the bat!
You kill the bat!
The goblin hits you with a +0 dagger.
You die...

...... .........##.# ###≈§≈§.
#.#..# ######.≈§##.. #≈§§≈.
.###.#..########..§§# ....#≈§§≈.
...........).....≈≈≈#####.#§§≈§§
.#####..########.§≈≈§§≈§# ######
........########.≈≈≈§§§§# ....
....#...#........≈§≈≈§§§# ######
### #.......###+.≈≈§≈§###.#≈≈≈≈§
#.....#.##†@g.≈≈≈##.( #≈≈≈≈§
##..#.#.##....≈≈##.# #≈§§≈.
##..#.#.##.....##.#####§≈§..
#...#.#.###+##...##≈≈§≈§≈..§
#...#.#.### ##...≈≈§§§....#
≈≈≈≈#.....# #.......§.#..#
≈≈≈≈≈≈≈≈≈≈##.#.# #.#..##.#.#..#
≈≈≈≈≈≈≈≈≈≈≈#.#.# #.#...#.#.#..#
≈≈≈≈≈≈≈≈8≈≈≈.### #.#.#.#.#.#..#


You could see a goblin.

Vanquished Creatures
  A dart slug (D:1)
  2 bats (D:1)
  A giant cockroach (D:1)
  A hobgoblin (D:1)
  A ball python (D:1)
6 creatures vanquished.

Notes
Turn   | Place    | Note
-------+----------+-------------------------------------------
     0 | D:1      | Gwenloh the Deep Elf Enchanter began the quest for the Orb.
     0 | D:1      | Reached XP level 1. HP: 10/10 MP: 6/6
   254 | D:1      | Slain by a goblin

Illustrated notes

Levels and vault maps discovered:
D:1:      nzn_arrival_water_spiral, layout_basic,
          hellmonk_ecumenical_altar_inner_sanctum, grunt_decor_junction

Skill      XL: |  1 |
---------------+----+-----
Stealth        | 4 |  4.0
Short Blades   | |  1.2
Dodging        | |  2.4
Spellcasting   | |  3.0
Hexes          | |  4.3

Action                   || total
-------------------------++-------
Melee: Dagger            ||    28
Throw: Stone             ||     2
 Cast: Corona            ||     5
 Stab: Sleeping          ||     2
Armor: Robe              ||     4
Dodge: Dodged            ||     9

Table legend: (Time is in decaauts)
 A = Elapsed time spent in this place.
 B = Non-inter-level travel time spent in this place.
 C = Inter-level travel time spent in this place.
 D = Time resting spent in this place.
 E = Time spent auto-exploring this place.
 F = Levels seen in this place.
 G = Mean time per level.
                   A        B        C        D        E       F      G
               +--------+--------+--------+--------+--------+-----+--------+
         Total |    252 |    252 |      0 |      0 |    129 |   1 |  252.0 |
       Dungeon |    252 |    252 |      0 |      0 |    129 |   1 |  252.0 |
               +--------+--------+--------+--------+--------+-----+--------+

Top non-repeatable levels by time:
     D:1: 252 daAuts
